Map: 아이스 앤 크롬 - 래더

Players

Armani

  • Race: Zerg Zerg
  • League: Master
  • Spawn Location: 7:00

Maru - Winner!

  • Race: Terran Terran
  • Spawn Location: 1:00

Event: War Chest Team League

VOD

Have the link to the VOD?

Description

Time

  • Played on: Aug. 7, 2020, 7:14 a.m.
  • Length: 8:22
Show
View Real Time Build Order
Export as new Build Order

Armani Zerg 

Build Orders: Hatch First 

Get SALT Encoding   

  12  0:00  Drone  
  13  0:13  Overlord  
  13  0:17  Drone  
  14  0:31  Drone  
  14  0:32  Drone  
  16  0:48  Hatchery  
  15  0:51  Drone  
  15  0:55  Drone  
  17  1:00  Drone  
  18  1:08  Extractor  
  17  1:13  Spawning Pool  
  17  1:17  Drone  
  17  1:20  Drone  
  18  1:29  Drone  
  19  1:39  Drone  
  20  1:55  Drone  
  20  2:00  Queen x2  
  25  2:02  Zergling x4  
  27  2:11  Overlord  
  27  2:12  Metabolic Boost  
  27  2:17  Drone  
  28  2:24  Drone, Spore Crawler  
  28  2:29  Drone  
  29  2:33  Drone x2  
  31  2:37  Queen  
  33  2:46  Overlord  
  33  2:48  Drone  
  34  2:57  Overlord  
  34  3:01  Hatchery  
  33  3:05  Drone  
  33  3:06  Drone  
  35  3:15  Queen  
  35  3:16  Drone  
  35  3:17  Drone  
  35  3:18  Drone x2  
  35  3:19  Drone  
  42  3:28  Drone  
  43  3:35  Overlord  
  43  3:42  Drone  
  44  3:48  Overlord  
  44  3:54  Queen  
  44  3:55  Drone x4  
  50  3:57  Zergling x4  
  52  4:06  Overlord  
  52  4:07  Evolution Chamber, Drone  
  52  4:08  Evolution Chamber  
  51  4:10  Drone  
  51  4:14  Queen  
  54  4:17  Drone x4  
  54  4:22  Drone  
  59  4:24  Overlord  
  59  4:25  Spore Crawler  
  59  4:26  Zergling x6  
  59  4:27  Zergling x2  
  59  4:30  Drone  
  63  4:33  Zerg Ground Armor Level 1  
  63  4:34  Extractor  
  63  4:35  Drone  
  63  4:36  Drone  
  64  4:42  Overlord  
  64  4:45  Drone  
  64  4:48  Drone x4  
  68  4:55  Zerg Melee Weapons Level 1, Drone  
  68  4:56  Drone  
  68  4:58  Spore Crawler  
  68  4:59  Overlord  
  69  5:02  Drone x2  
  69  5:03  Drone  
  72  5:07  Zergling x4  
  72  5:10  Drone  
  75  5:19  Lair  
  75  5:22  Drone x5  
  75  5:26  Extractor  
  75  5:27  Overlord  
  75  5:28  Extractor  
  77  5:29  Baneling Nest  
  77  5:31  Drone x3  
  77  5:32  Drone  
  77  5:34  Drone x4  
  83  5:42  Drone  
  84  5:43  Extractor x2, Drone x2  
  84  5:53  Drone x2  
  84  5:54  Overlord  
  84  5:55  Overlord, Hatchery  
  85  5:58  Overlord  
  85  6:00  Drone  
  85  6:03  Zergling x2  
  85  6:04  Zergling x2  
  88  6:07  Overlord  
  88  6:08  Overlord  
  88  6:13  Zergling x2  
  88  6:14  Zergling x4  
  88  6:15  Baneling x2  
  88  6:16  Baneling x2  
  88  6:17  Zergling x2  
  88  6:18  Zergling x2  
  93  6:26  Zergling x4  
  93  6:27  Spire  
  93  6:31  Baneling x4  
  94  6:34  Zergling x8  
  94  6:39  Queen x3  
  103  6:41  Overlord  
  103  6:44  Zergling x10  
  105  6:49  Zergling x2  
  105  6:50  Zergling x4  
  106  7:01  Zergling x10  
  110  7:02  Overlord  
  110  7:04  Overlord  
  102  7:13  Baneling  
  102  7:14  Baneling x5  
  102  7:15  Zergling x16  
  110  7:23  Zergling x8  
  108  7:35  Zergling x6  
  108  7:38  Queen x3  
  108  7:43  Zergling x2  
  114  7:46  Baneling x6  
  114  7:48  Zergling x4  
  116  7:52  Hatchery  
Show
View Real Time Build Order
Export as new Build Order

Maru Terran - Winner!

Build Orders: Reaper Expand 

Get SALT Encoding   

  12  0:00  SCV  
  13  0:12  SCV  
  14  0:17  Supply Depot  
  14  0:24  SCV  
  15  0:39  SCV  
  15  0:40  Barracks  
  16  0:42  Refinery  
  16  0:51  SCV  
  17  1:03  SCV  
  18  1:15  SCV  
  19  1:27  Orbital Command, Reaper  
  20  1:38  Command Center  
  20  1:50  Supply Depot  
  20  1:53  SCV  
  21  1:59  Marine  
  22  2:05  SCV  
  22  2:08  Factory  
  23  2:16  Marine  
  23  2:17  SCV  
  25  2:29  SCV  
  26  2:36  Barracks Reactor  
  26  2:41  SCV  
  27  2:50  Orbital Command  
  27  2:53  SCV  
  27  2:57  Command Center  
  28  3:05  SCV  
  29  3:09  Starport  
  29  3:12  Refinery  
  29  3:16  SCV  
  29  3:17  SCV  
  29  3:18  Hellion  
  33  3:20  Hellion  
  35  3:28  Barracks Tech Lab  
  35  3:29  SCV x2  
  39  3:41  Hellion  
  39  3:42  Hellion  
  39  3:44  SCV x2  
  39  3:47  Viking  
  45  3:53  Stimpack  
  45  3:56  SCV  
  46  4:08  SCV x2  
  46  4:09  Barracks  
  48  4:10  Barracks, Orbital Command  
  48  4:14  Factory Reactor  
  48  4:20  SCV x2  
  50  4:25  Supply Depot  
  50  4:30  Engineering Bay x2  
  50  4:33  SCV  
  50  4:34  SCV  
  50  4:35  Starport Reactor  
  50  4:37  SCV  
  53  4:40  Refinery  
  53  4:43  Marine  
  53  4:45  SCV  
  55  4:47  SCV  
  55  4:49  SCV  
  57  4:54  Supply Depot  
  57  4:57  Factory Tech Lab, SCV  
  57  4:58  Terran Infantry Armor Level 1, Terran Infantry Weapons Level 1  
  58  5:00  SCV  
  58  5:01  SCV  
  60  5:07  Marine x2  
  60  5:08  Marine x3  
  60  5:09  Refinery  
  60  5:11  SCV  
  60  5:12  Supply Depot  
  66  5:18  SCV x2, Siege Tank  
  71  5:25  Marine x3  
  71  5:26  Marine  
  75  5:28  SCV  
  75  5:34  Medivac, SCV  
  80  5:35  Supply Depot  
  80  5:36  Supply Depot  
  80  5:39  Medivac  
  80  5:40  Marine  
  80  5:41  Orbital Command  
  82  5:43  Marine x2, SCV  
  85  5:57  Supply Depot, Marine, Siege Tank, SCV x2  
  85  5:58  Supply Depot, Combat Shield  
  85  6:00  Marine  
  92  6:07  SCV  
  92  6:09  SCV x2  
  92  6:10  Marine x2  
  92  6:11  Marine  
  98  6:14  Marine  
  99  6:19  Barracks  
  99  6:20  Barracks  
  99  6:24  SCV  
  99  6:25  SCV x2  
  102  6:26  Medivac  
  102  6:27  Medivac  
  102  6:31  Marine x3  
  102  6:32  Marine  
  110  6:37  SCV  
  110  6:39  SCV  
  111  6:41  Armory  
  111  6:43  SCV  
  111  6:45  Marine  
  111  6:49  Marine, SCV  
  111  6:51  SCV  
  113  6:55  SCV  
  113  6:57  Siege Tank  
  113  7:00  Supply Depot  
  117  7:02  Supply Depot  
  117  7:08  SCV  
  117  7:10  Marine x3  
  117  7:12  Barracks Reactor x2  
  117  7:15  Refinery x2  
  117  7:17  Supply Depot  
  117  7:21  Marine x2  
  117  7:22  Medivac, SCV x2  
  123  7:26  SCV  
  123  7:27  Marine  
  123  7:28  Marine  
  123  7:29  Siege Tank  
  129  7:34  Marine, SCV x2  
  129  7:37  Medivac  
  130  7:38  SCV  
  130  7:40  Marine  
  130  7:43  Factory  
  132  7:46  SCV  
  132  7:49  Marine x5  
  132  7:50  Command Center  
  138  7:56  Marine x2, SCV  
  138  7:57  Marine  
  138  7:58  Marine  
  140  7:59  SCV  
  125  8:06  SCV  
  125  8:09  SCV  
Tags
 
Add a new tag
Caveats
  • Supply blocks, unpowered buildings, or Contaminate may cause inaccurate times.
  • Supply counts are checked every 10 seconds.